 Dungeon Crawl Stone Soup version 0.31-a0-1074-g0b22e4e0f1 (webtiles) character file.

Game seed: 13628333620708694134

101 Dittersdorf the Shield-Bearer (level 4, 0/29 HPs)
             Began as a Gargoyle Fighter on Dec 1, 2023.
             Was an Initiate of Gozag.
             Slain by a killer bee (7 damage)
             ... on level 5 of the Dungeon.
             The game lasted 00:03:18 (1990 turns).

Dittersdorf the Shield-Bearer (Gargoyle Fighter)    Turns: 1990, Time: 00:03:18

Health: 0/29       AC: 13    Str: 21    XL:     4   Next: 75%
Magic:  4/4        EV:  8    Int:  9    God:    Gozag
Gold:   180        SH:  4    Dex:  9    Spells: 3/3 levels left

rFire   . . .        a - +0 flail
rCold   . . .        c - +0 buckler
rNeg    + . .        l - +0 chain mail
rPois   ∞            (no helmet)
rElec   +            (no cloak)
rCorr   .            (no gloves)
SInv    .            (no boots)
Will    .....        (no amulet) Stlth
                     (no ring)
HPRegen 0.24/turn    (no ring)
MPRegen 0.09/turn

%: no passive effects
@: no status effects
A: sickness immunity, AC +3, negative energy resistance 1, electricity
resistance, torment resistance 1, petrification resistance
a: Renounce Religion, Potion Petition, Call Merchant, Bribe Branch


You were on level 5 of the Dungeon.
You worshipped Gozag.
Gozag was aware of your devotion.
You visited 1 branch of the dungeon, and saw 4 of its levels.

You collected 200 gold pieces.
You paid 20 gold pieces to Gozag.

Inventory:

Hand Weapons
 a - a +0 flail (weapon)
Armour
 c - a +0 buckler (worn)
 l - a +0 chain mail (worn)
Scrolls
 f - a scroll of teleportation
 h - 2 scrolls of brand weapon {unknown}
 i - 2 scrolls of fear {unknown}
Potions
 d - a potion of might
 e - a potion of brilliance {unknown}
 j - a potion of heal wounds {unknown}
 k - a potion of curing {unknown}


   Skills:
 + Level 4.1 Fighting
 + Level 2.9 Maces & Flails
 + Level 4.0 Armour
 + Level 4.1 Shields


You had 3 spell levels left.
You didn't know any spells.
Your spell library contained the following spells:

 Spells                   Type           Power      Damage    Failure   Level
 Summon Forest            Summ/Tloc      0%         N/A       100%        5
 Eringya's Noxious Bog    Tmut/Pois      0%         4d6       100%        6
 Summon Hydra             Summ           0%         N/A       100%        7


Dungeon Overview and Level Annotations

Branches:
Dungeon (3/15)

Altars:
Gozag

Shops:
D:1 (


Innate Abilities, Weirdness & Mutations

You are immune to sickness and miasma.
Your stone body is resilient. (AC +3)
You are immune to poison.
You resist negative energy. (rN+)
You are resistant to electric shocks. (rElec)
You are resistant to unholy torment.
You are immune to petrification.


Message History

The killer bee is severely wounded.
The killer bee stings you but does no damage.
The killer bee stings you. x2
* * * LOW HITPOINT WARNING * * *
You hit the killer bee but do no damage.
The killer bee is severely wounded.
The killer bee stings you but does no damage.
The killer bee barely misses you.
You miss the killer bee.
The killer bee is severely wounded.
The killer bee closely misses you. The killer bee completely misses you.
You barely miss the killer bee.
The killer bee is severely wounded.
The killer bee barely misses you.
The killer bee stings you but does no damage.
The killer bee barely misses you.
You hit the killer bee.
The killer bee is almost dead.
The killer bee stings you but does no damage. x2
You miss the killer bee.
The killer bee is almost dead.
The killer bee stings you but does no damage. x2
The killer bee closely misses you.
You closely miss the killer bee.
The killer bee is almost dead.
You block the killer bee's attack. x2
The killer bee stings you but does no damage.
You closely miss the killer bee.
The killer bee is almost dead.
The killer bee completely misses you. You block the killer bee's attack.
You barely miss the killer bee.
The killer bee is almost dead.
The killer bee stings you.
* * * LOW HITPOINT WARNING * * *
You block the killer bee's attack. x2
You barely miss the killer bee.
The killer bee is almost dead.
The killer bee barely misses you. The killer bee stings you!
You die...
Your body crumbles into a pile of gold.

*,*********,,**,
*,***** **,,,,
**,,,,*** **,,,
****,,,* **,,
**,,*## **,,
**.y.#**,,*
*#....,,,** ###
####..#*,,,**
#@###....#****,***
##yy....#* *,,,,
##yy....# *,,**
#....#..# *,**
###..#..# *,*
#..#..#* **,*
##.#...****,,*
#.###..,**,,* ##.#
*##.,,,,**


You could see 4 killer bees.

Vanquished Creatures
  Natasha (D:3)
  2 adders
  4 dart slugs
  3 endoplasms (D:1)
  6 giant cockroaches
  4 goblins
  2 hobgoblins
  3 jackals (D:1)
  3 quokkas
  5 ball pythons
  5 bats
  A frilled lizard (D:2)
  2 kobolds
  8 rats
49 creatures vanquished.

Notes
Turn   | Place    | Note
-------+----------+-------------------------------------------
     0 | D:1      | Dittersdorf the Gargoyle Fighter began the quest for the
                  | Orb.
     0 | D:1      | Reached XP level 1. HP: 14/14 MP: 1/1
     8 | D:1      | Found Hag Beta's Antique Weapon Boutique.
    99 | D:1      | Reached XP level 2. HP: 17/19 MP: 2/2
   823 | D:1      | Reached XP level 3. HP: 20/23 MP: 3/3
  1215 | D:2      | Found an opulent altar of Gozag.
  1223 | D:2      | Became a worshipper of Gozag Ym Sagoz the Greedy
  1576 | D:2      | Reached XP level 4. HP: 29/29 MP: 4/4
  1819 | D:3      | Noticed Natasha
  1825 | D:3      | Killed Natasha
  1855 | D:3      | You fall into a shaft and drop 2 floors!
  1855 | D:5      | Entered Level 5 of the Dungeon
  1990 | D:5      | Slain by a killer bee

Illustrated notes

Levels and vault maps discovered:
D:1:      psy_arrival_spokes, layout_loops_corners, serial_shops, shop
D:2:      layout_basic, basic_altar
D:3:      layout_basic, uniq_natasha
D:5:      layout_layer_cave, grunt_temple_overflow_opulence,
          palyth_stone_intersect, nicolae_grassy_gnolls, uniq_sigmund

Skill      XL: |  1  2  3  4 |
---------------+-------------+-----
Shields        | 4 |  4.1
Fighting       | 4 |  4.1
Armour         | 4 |  4.0
Maces & Flails | |  2.9

Action                     |  1- 3 |  4- 6 || total
---------------------------+-------+-------++-------
  Melee: Flail             |   105 |    38 ||   143
    Use: Scroll            |       |     3 ||     3
 Armour: Scale mail        |    89 |     3 ||    92
         Chain mail        |       |    55 ||    55
  Dodge: Dodged            |    76 |    25 ||   101
  Block: Buckler           |    23 |    14 ||    37

Table legend: (Time is in decaauts)
 A = Elapsed time spent in this place.
 B = Non-inter-level travel time spent in this place.
 C = Inter-level travel time spent in this place.
 D = Time resting spent in this place.
 E = Time spent auto-exploring this place.
 F = Levels seen in this place.
 G = Mean time per level.
                   A        B        C        D        E       F      G
               +--------+--------+--------+--------+--------+-----+--------+
         Total |   2032 |   1920 |    112 |     81 |   1464 |   4 |  508.0 |
       Dungeon |   2032 |   1920 |    112 |     81 |   1464 |   4 |  508.0 |
               +--------+--------+--------+--------+--------+-----+--------+

Top non-repeatable levels by time:
     D:1: 1090 daAuts
     D:2: 576 daAuts
     D:3: 225 daAuts
     D:5: 140 daAuts
